 Dungeon Crawl Stone Soup version 0.28.0-43-g3370ac3207 (webtiles) character file.

Game seed: 14523727062718322119

14466 mortz the Destroyer (level 11, -4/85 HPs)
             Began as a Red Draconian Conjurer on Mar 1, 2022.
             Was an Elder of Vehumet.
             Slain by a six-headed hydra (9 damage)
             ... on level 2 of the Lair of Beasts.
             The game lasted 02:19:22 (14941 turns).

mortz the Destroyer (Red Draconian Conjurer)       Turns: 14941, Time: 02:19:23

Health: -4/85      AC:  9    Str:  9    XL:     11   Next: 89%
Magic:  22/25      EV: 14    Int: 23    God:    Vehumet [****..]
Gold:   674        SH:  5    Dex: 12    Spells: 1/30 levels left

rFire   + + +      SeeInvis .   u - +2 hand axe of Might {vorpal, Fly rElec rF++ Dex+2, axe}
rCold   + + +      Faith    .   n - +0 buckler
rNeg    . . .      Spirit   .   (armour unavailable)
rPois   +          Reflect  .   (helmet restricted)
rElec   +          Harm     .   U - +0 cloak
rCorr   .          Rampage  .   c - +0 pair of gloves of the Weaver {rC+++}
Will    .....                   (no boots)
Stlth   +++.......              d - amulet of regeneration {@e2}
HPRegen 1.04/turn               z - ring of poison resistance
MPRegen 0.19/turn               H - ring of wizardry

@: short of breath, flying, hasted, studying Slings, very quick
A: breathe fire, AC +7, unfitting armour, fire resistance 1, cold-blooded
a: Breathe Fire, Renounce Religion


You were on level 2 of the Lair of Beasts.
You worshipped Vehumet.
Vehumet was greatly pleased with you.
You visited 3 branches of the dungeon, and saw 13 of its levels.

You collected 714 gold pieces.
You spent 40 gold pieces at shops.


Innate Abilities, Weirdness & Mutations

You can breathe blasts of fire.
Your fiery red scales are hard. (AC +7)
You cannot fit into any form of body armour.
Your flesh is heat resistant. (rF+)
You are cold-blooded and may be slowed by cold attacks.


   Skills:
 + Level 4.4 Fighting
 + Level 3.9 Polearms
 + Level 2.7 Throwing
 + Level 6.5 Dodging
 + Level 5.8 Stealth
 + Level 4.1 Shields
 + Level 10.3 Spellcasting
 + Level 11.5 Conjurations
 + Level 0.1 Evocations


You had one spell level left.
You knew the following spells:

 Your Spells              Type           Power      Damage    Failure   Level
a - Magic Dart            Conj           100%       1d8       1%          1
b - Searing Ray           Conj           100%       2d8       1%          2
c - Dazzling Flash        Conj/Hex       76%        N/A       1%          3
d - Iskenderun's Mystic   Conj/Tloc      38%        2d9       1%          4
e - Poisonous Vapours     Pois/Air       22%        N/A       1%          2
f - Stone Arrow           Conj/Erth      76%        3d11      1%          3
g - Mephitic Cloud        Conj/Pois/Air  29%        N/A       1%          3
h - Freezing Cloud        Conj/Ice/Air   14%        6-21      4%          5
i - Iron Shot             Conj/Erth      19%        9d4       11%         6

Your spell library contained the following spells:

 Spells                   Type           Power      Damage    Failure   Level
 Beastly Appendage        Tmut           22%        N/A       2%          1
 Sting                    Tmut/Pois      44%        1d5       2%          1
 Fulminant Prism          Conj/Hex       19%        3d11      1%          4
 Inner Flame              Hex/Fire       11%        N/A       2%          3
 Corpse Rot               Necr/Air       22%        N/A       4%          2
 Wereblood                Tmut           11%        N/A       4%          2
 Olgreb's Toxic Radiance  Pois           11%        N/A       8%          4
 Confusing Touch          Hex            11%        N/A       9%          3
 Spider Form              Tmut/Pois      11%        N/A       9%          3
 Starburst                Conj/Fire      19%        6d7       11%         6
 Yara's Violent Unravell  Hex/Tmut       5%         3d4       19%         5
 Cause Fear               Hex            5%         N/A       26%         4
 Dispel Undead            Necr           11%        3d9       26%         4
 Blade Hands              Tmut           5%         N/A       56%         5
 Death Channel            Necr           5%         N/A       98%         6
 Simulacrum               Ice/Necr       5%         N/A       98%         6
 Enfeeble                 Hex            5%         N/A       100%        7
 Discord                  Hex            5%         N/A       100%        8
 Polar Vortex             Ice            5%         N/A       100%        9
 Animate Armour           Summ/Erth      Unusable   N/A       N/A         4

Inventory:

Hand Weapons
 a - a +0 dagger of draining {short}
   (You took it off Dowan on level 7 of the Dungeon)
 h - a +1 dagger of venom {short}
   (You took it off a goblin on level 1 of the Dungeon)
 j - a +0 spear {polearm}
   (You found it on level 1 of the Dungeon)
 s - a +2 scimitar of freezing {long}
   (You took it off a wight on level 8 of the Dungeon)
 u - the +2 hand axe of Might (weapon) {vorpal, Fly rElec rF++ Dex+2, axe}
   (You found it on level 8 of the Dungeon)

   It inflicts extra damage upon your enemies.
   Dex:       It affects your dexterity (+2).
   rF:        It greatly protects you from fire.
   rElec:     It insulates you from electricity.
   Fly:       It grants you flight.
 x - a +2 spear of venom {polearm}
   (You took it off a kobold on level 3 of the Dungeon)
 A - a +4 dagger of freezing {short}
   (You took it off a wight on level 8 of the Dungeon)
 C - a +5 great sword of freezing {long}
   (You took it off a wight on level 8 of the Dungeon)
 E - a +1 vorpal flail {mace}
   (You took it off Edmund on level 4 of the Dungeon)
 N - the +4 long sword of the Dancing Wasp {elec, rPois, long}
   (You found it on level 8 of the Dungeon)

   It occasionally discharges a powerful burst of electricity upon striking a
   foe.
   rPois:     It protects you from poison.
 P - a +2 dire flail of holy wrath {mace}
   (You took it off a two-headed ogre on level 9 of the Dungeon)
 Q - a +2 short sword of speed {short}
   (You took it off a kobold on level 10 of the Dungeon)
 R - a +2 dagger of protection {short}
   (You took it off a kobold brigand on level 10 of the Dungeon)
Missiles
 r - 2 boomerangs of dispersal {=f!fthrowing}
 t - 52 poisoned darts {throwing}
 v - 4 boomerangs {throwing}
 G - 4 throwing nets {=f!fthrowing}
 O - a curare-tipped dart {=fthrowing}
Armour
 c - the +0 pair of gloves of the Weaver (worn) {rC+++}
   (You found it on level 8 of the Dungeon)

   rC:        It renders you almost immune to cold.
 n - a +0 buckler (worn)
   (You took it off a kobold on level 2 of the Dungeon)
 q - the +0 pair of gloves "Ranajeta" {SInv}
   (You found it on level 3 of the Dungeon)

   SInv:      It lets you see invisible.
 U - a +0 cloak (worn)
   (You found it on level 2 of the Lair of Beasts)
Jewellery
 d - an amulet of regeneration (around neck) {@e2}
   (You found it on level 7 of the Dungeon)
 e - an amulet of reflection
   (You found it on level 1 of the Lair of Beasts)
 z - a ring of poison resistance (left hand)
   (You found it on level 4 of the Dungeon)
 H - a ring of wizardry (right hand)
   (You found it on level 5 of the Dungeon)
 T - a +4 ring of protection
   (You found it on level 10 of the Dungeon)
Wands
 I - a wand of paralysis (12)
   (You found it on level 5 of the Dungeon)
 K - a wand of digging (1)
   (You found it on level 5 of the Dungeon)
 L - a wand of mindburst (15)
   (You took it off a gnoll on level 6 of the Dungeon)
 M - a wand of polymorph (12)
   (You found it on level 6 of the Dungeon)
Scrolls
 f - 4 scrolls of enchant weapon
 i - a scroll of blinking {!r}
 l - a scroll of amnesia {unknown}
 m - a scroll of enchant armour {unknown}
 w - 8 scrolls of teleportation {@r4}
 y - a scroll of holy word
 S - a scroll of immolation {!r!r}
Potions
 b - 2 potions of brilliance
 g - 2 potions of haste {@q3}
 k - a potion of resistance {unknown}
 o - 3 potions of might {unknown}
 p - a potion of cancellation {unknown}
 B - 3 potions of heal wounds {@q2}
 D - 2 potions of magic {unknown}
 F - 3 potions of flight
 J - 5 potions of curing {@q1}

Dungeon Overview and Level Annotations

Branches:
Dungeon (10/15)            Temple (1/1) D:4            Lair (2/6) D:9
    Orc (0/2) D:10
  Swamp: Lair:2-4    Shoals: Lair:2-4     Snake: Lair:2-4    Spider: Lair:2-4

Altars:
Ashenzari
Fedhas
Kikubaaqudgha
Makhleb
Nemelex Xobeh
Okawaru
Qazlal
Ru
Sif Muna
Trog
Uskayaw
Vehumet
Wu Jian
Xom
Yredelemnul
The Shining One
Jiyva

Shops:
D:1 (   D:3 (   D:6 !   D:8 !

Annotations:
D:7 2 transporters, hikkokomori's ghost, novice GrEE
Lair:1 3 runed translucent doors, Dusajagg's ghost, journeyman DrAE

##.. ##... ##....
#..... ##.....
##...... ##.......
##########........
#@D............≈≈≈
#########.....≈≈≈≈
#P......≈≈≈≈
##...D..≈≈≈≈
#.....≈≈≈≈.
#.....≈≈≈≈.
##÷.....≈≈≈≈
#........≈≈≈
#########
#####......≈.≈≈


You could see a six-headed hydra.


Message History

The six-headed hydra bites you.
* * * LOW HITPOINT WARNING * * *
The six-headed hydra closely misses you.
The six-headed hydra bites you!
* * * LOW HITPOINT WARNING * * *
The six-headed hydra bites you but does no damage. x2
The six-headed hydra bites you.
* * * LOW HITPOINT WARNING * * *
😨 HP[-21] MP[-1]
You take 21 damage, and now have 22/84 hp.
MASSIVE DAMAGE!! (PAUSE)
You lost 1 mp, and now have 20/25 mp.
Aiming: Mindburst
Press: ? - help, Q - select action, (/) - cycle Shift-Dir - straight line, f/p - six-headed hydra
Aim: a six-headed hydra (heavily wounded, chance to affect: 29%)
The six-headed hydra easily resists.
The seven-headed hydra is engulfed in blazing flames. x2
The six-headed hydra bites you.
* * * LOW HITPOINT WARNING * * *
The six-headed hydra closely misses you.
The six-headed hydra bites you but does no damage.
The six-headed hydra bites you.
* * * LOW HITPOINT WARNING * * *
The six-headed hydra closely misses you.
The six-headed hydra bites you but does no damage. 😱 HP[-6]
You take 6 damage, and now have 16/84 hp.
You feel yourself speed up.
The seven-headed hydra is engulfed in blazing flames.
The six-headed hydra bites you but does no damage.
The six-headed hydra bites you.
* * * LOW HITPOINT WARNING * * *
The six-headed hydra bites you but does no damage.
The six-headed hydra bites you.
* * * LOW HITPOINT WARNING * * *
The six-headed hydra closely misses you.
The six-headed hydra barely misses you.
The seven-headed hydra is engulfed in blazing flames. 😱 HP[-5] MP[+1]
You take 5 damage, and now have 11/84 hp.
You feel much better.
The seven-headed hydra is engulfed in blazing flames.
The six-headed hydra closely misses you. x2
The six-headed hydra bites you.
* * * LOW HITPOINT WARNING * * *
You block the six-headed hydra's attack.
The six-headed hydra bites you!
* * * LOW HITPOINT WARNING * * *
The six-headed hydra bites you but does no damage. 😨 HP[+17]
You regained 17 hp, and now have 28/84 hp.
Casting: Searing Ray (safe; 1% risk of failure)
Confirm with . or Enter, or press ? or * to list all spells.
Aiming: Searing Ray (safe; 1% risk of failure)
Press: ? - help, Shift-Dir - straight line, f/p - six-headed hydra
Aim: a six-headed hydra (heavily wounded, 94% to hit)
The searing ray hits the six-headed hydra!
The searing ray hits the seven-headed hydra!
You kill the seven-headed hydra!
Vehumet accepts your kill.
You feel your power returning.
The searing ray hits the cane toad. (Press . to maintain the ray.) 😨 HP[+1] MP[+2]
You now have 85 max hp (+1).
You regained 2 mp, and now have 23/25 mp.
The searing ray hits the six-headed hydra!
The searing ray hits the cane toad!
You kill the cane toad!
Vehumet accepts your kill.
You feel your power returning. The six-headed hydra misses you.
The six-headed hydra bites you!
* * * LOW HITPOINT WARNING * * *
The six-headed hydra completely misses you.
The six-headed hydra bites you!
* * * LOW HITPOINT WARNING * * *
The six-headed hydra bites you.
* * * LOW HITPOINT WARNING * * *
You block the six-headed hydra's attack. 😱 HP[-23] MP[+1]
You take 23 damage, and now have 6/85 hp.
MASSIVE DAMAGE!! (PAUSE)
You feel much better. 😨 HP[+25]
You regained 25 hp, and now have 31/85 hp.
Casting: Searing Ray (safe; 1% risk of failure)
Confirm with . or Enter, or press ? or * to list all spells.
Aiming: Searing Ray (safe; 1% risk of failure)
Press: ? - help, Shift-Dir - straight line, f/p - six-headed hydra
Aim: a six-headed hydra (almost dead, 94% to hit)
The searing ray hits the six-headed hydra! (Press . to maintain the ray.)
The six-headed hydra bites you.
* * * LOW HITPOINT WARNING * * *
The six-headed hydra bites you!
* * * LOW HITPOINT WARNING * * *
The six-headed hydra bites you but does no damage.
The six-headed hydra bites you!
* * * LOW HITPOINT WARNING * * *
The six-headed hydra bites you!
You die...

Skill      XL: |  1  2  3  4  5  6  7  8  9 10 11 |
---------------+----------------------------------+-----
Stealth        | 2 3 4 5 |  5.8
Conjurations   | 5 6 7 8 10 11 | 11.5
Spellcasting   | 3 4 5 7 9 10 | 10.3
Dodging        | 2 3 4 5 6 |  6.5
Throwing       | 1 2 |  2.7
Shields        | 1 2 4 |  4.1
Polearms       | 3 |  3.9
Fighting       | 2 3 4 |  4.4
Evocations     | |  0.1

Action                   |  1- 3 |  4- 6 |  7- 9 | 10-12 || total
-------------------------+-------+-------+-------+-------++-------
Melee: Dagger            |    19 |    13 |       |       ||    32
       Tailslap          |     3 |     4 |     4 |     1 ||    12
       Spear             |       |    13 |    28 |       ||    41
       Hand axe          |       |       |       |     8 ||     8
Throw: Dart              |       |    17 |       |       ||    17
 Cast: Magic Dart        |    58 |    29 |    89 |   134 ||   310
       Searing Ray       |     8 |    22 |    50 |    71 ||   151
 Abil: Breathe Fire      |       |       |    29 |    34 ||    63
Evoke: Wand              |       |       |       |     2 ||     2
  Use: Scroll            |       |     3 |     5 |     8 ||    16
       Potion            |       |       |       |     4 ||     4
Armor: Skin              |    13 |     7 |    49 |    46 ||   115
Dodge: Dodged            |    21 |    20 |    60 |   128 ||   229
Block: Buckler           |     1 |     3 |    16 |    33 ||    53

Levels and vault maps discovered:
D:1:      enne_arrival_octagon_isle, layout_rooms, serial_shops,
          nicolae_shop_bloodbath_and_beyond
D:2:      layout_loops_corners
D:3:      layout_basic, serial_shops, shop, basic_ecumenical_altar
D:4:      layout_loops_cross, minmay_temple_entry_trees, portal_sewer_entry_e,
          roderic_batcave
D:5:      layout_basic, serial_rivers, chequers_serial_rivers_micro_d,
          chequers_serial_rivers_micro_b, chequers_serial_rivers_marsh,
          chequers_serial_rivers_micro_c, minmay_manual_mail, uniq_edmund
D:6:      layout_rooms, serial_shops, nicolae_shop_window_shopping,
          serial_co_window_serial, co_window_paths_a, co_window_corner_a,
          co_window_paths_a, co_window_paths_b, co_window_corner_a,
          co_window_paths_a, co_window_corner_a, co_window_corner_b,
          co_window_broadway_a, co_window_corner_ca, co_window_of_opportunity_b,
          co_window_corner_cb, co_window_4corner_a, glass_columns_b,
          glass_columns_a
D:7:      layout_loops_ring, nzn_ghost_randoct, kennysheep_diamond,
          grunt_decor_resistance, amethyst_killhole, minivault_22, minivault_11,
          uniq_prince_ribbit1, uniq_maggie, uniq_duvessa
D:8:      layout_basic, mainiacjoe_overflow_alcove_4, serial_shops,
          nicolae_shop_window_shopping, minmay_chambers_of_fives
D:9:      layout_long_grid, lair_entry_dummy, minmay_misc_feat_encased
D:10:     layout_gridville, orc_0_dummy
Temple:   mainiacjoe_temple_hex_bubbles
Lair:1:   layout_cave_pods, gammafunk_ghost_ooze
Lair:2:   layout_hall_layers, palyth_hydra_swamp_entry,
          nicolae_spider_entry_orb_guardian, grunt_megastairs_1,
          serial_bayou_shore_b, infiniplex_staircase_pool_2

Notes
Turn   | Place    | Note
-------+----------+-------------------------------------------
     0 | D:1      | mortz the Draconian Conjurer began the quest for the Orb.
     0 | D:1      | Reached XP level 1. HP: 14/14 MP: 3/3
     0 | D:1      | magus.rc [v1.9.6]
   332 | D:1      | Reached XP level 2. HP: 20/20 MP: 3/5
   567 | D:1      | Reached skill level 2 in Stealth
   625 | D:1      | Found Uskauj's Weapon Boutique.
   662 | D:1      | Learned a level 2 spell: Searing Ray
  1000 | D:2      | Reached XP level 3. HP: 26/26 MP: 0/6
  1287 | D:2      | Learned a level 3 spell: Dazzling Flash
  1859 | D:2      | Reached skill level 5 in Conjurations
  2141 | D:3      | Found Gahymeny's Antique Weapon Shoppe.
  2230 | D:3      | Reached XP level 4. HP: 32/33 MP: 7/7
  2291 | D:3      | Identified the +0 pair of gloves "Ranajeta" {SInv}
  2405 | D:3      | Reached skill level 3 in Spellcasting
  2405 | D:3      | Reached XP level 5. HP: 28/38 MP: 0/9
  2671 | D:3      | Found a faded altar of an unknown god.
  2675 | D:3      | Identified the +1 leather armour of Mysticism {Regen+ rCorr
                  | SInv Stlth-}
  3174 | D:4      | You add the spells Sting, Poisonous Vapours and Olgreb's
                  | Toxic Radiance to your library.
  3181 | D:4      | Found a staircase to the Ecumenical Temple.
  3185 | Temple   | Entered the Ecumenical Temple
  3298 | Temple   | Became a worshipper of Vehumet
  3346 | D:4      | Reached skill level 2 in Dodging
  3463 | D:4      | Identified the +0 robe of the Boiling Point {Int+4}
  4285 | D:4      | Reached XP level 6. HP: 32/45 MP: 4/11
  4503 | D:5      | Entered Level 5 of the Dungeon
  4545 | D:5      | Reached skill level 3 in Stealth
  4634 | D:5      | Reached * piety under Vehumet
  4634 | D:5      | Offered knowledge of Foxfire by Vehumet.
  4635 | D:5      | Reached skill level 1 in Throwing
  4635 | D:5      | Reached skill level 6 in Conjurations
  4681 | D:5      | Reached skill level 4 in Spellcasting
  4692 | D:5      | Your scales start taking on a fiery red colour.
  4692 | D:5      | Reached XP level 7. HP: 48/50 MP: 3/13
  4692 | D:5      | Gained mutation: Your flesh is heat resistant. (rF+) [Red
                  | Draconian growth]
  4733 | D:5      | Reached skill level 4 in Stealth
  4797 | D:5      | Noticed Edmund
  5151 | D:4      | Killed Edmund
  5383 | D:4      | Reached skill level 2 in Throwing
  5656 | D:5      | Reached skill level 3 in Dodging
  5656 | D:5      | Reached XP level 8. HP: 58/58 MP: 8/15
  6004 | D:5      | Reached skill level 1 in Shields
  6341 | D:5      | magus.rc [v1.9.6]
  6370 | D:6      | Reached skill level 5 in Spellcasting
  6378 | D:6      | Reached skill level 1 in Polearms
  6512 | D:6      | Reached skill level 5 in Stealth
  6585 | D:6      | Reached skill level 1 in Fighting
  6681 | D:6      | Reached skill level 2 in Polearms
  6927 | D:6      | Reached ** piety under Vehumet
  6927 | D:6      | Offered knowledge of Static Discharge by Vehumet.
  6933 | D:6      | Learned a level 4 spell: Iskenderun's Mystic Blast
  7096 | D:6      | Found Plog's Distillery.
  7107 | D:6      | Bought a potion of degeneration for 10 gold pieces
  7190 | D:6      | Reached skill level 7 in Conjurations
  7202 | D:6      | Reached skill level 2 in Fighting
  7202 | D:6      | Reached skill level 3 in Polearms
  7377 | D:6      | Reached XP level 9. HP: 46/67 MP: 10/17
  7379 | D:6      | Reached skill level 4 in Dodging
  8420 | D:7      | Noticed Duvessa
  8420 | D:7      | Noticed Dowan
  8435 | D:7      | Killed Duvessa
  8468 | D:7      | Killed Dowan
  8505 | D:7      | Noticed hikkokomori's ghost (novice GrEE)
  8607 | D:7      | Reached skill level 6 in Spellcasting
  8855 | D:7      | Offered knowledge of Frozen Ramparts by Vehumet.
  9018 | D:7      | Found a stormy altar of Qazlal.
  9026 | D:7      | Reached skill level 8 in Conjurations
  9028 | D:7      | Reached *** piety under Vehumet
  9112 | D:7      | Found a transporter.
  9114 | D:7      | Found a transporter.
  9123 | D:7      | Noticed Maggie
  9134 | D:7      | Killed Maggie
  9304 | D:7      | Noticed Prince Ribbit
  9313 | D:7      | Killed Prince Ribbit
  9314 | D:7      | Reached skill level 7 in Spellcasting
  9353 | D:7      | You pick up a book of Changes and begin reading...
  9353 | D:7      | You add the spells Beastly Appendage, Wereblood and Spider
                  | Form to your library.
  9357 | D:7      | Learned a level 2 spell: Poisonous Vapours
  9700 | D:8      | Identified the +2 hand axe of Might {vorpal, Fly rElec rF++
                  | Dex+2}
  9744 | D:8      | Reached XP level 10. HP: 74/74 MP: 16/21
  9874 | D:8      | Reached skill level 5 in Dodging
  9930 | D:8      | Identified the +6 plate armour "Itafizxe" {-Cast rF+ rN++
                  | SInv}
  9963 | D:8      | You pick up a book of Ice and begin reading...
  9963 | D:8      | You add the spells Freezing Cloud, Simulacrum and Polar
                  | Vortex to your library.
 10085 | D:8      | Found Doynu's Distillery.
 10100 | D:8      | Bought a potion of curing for 30 gold pieces
 10433 | D:8      | Noticed a two-headed ogre
 10449 | D:8      | HP: 2/74 [two-headed ogre/+0 giant club (22)]
 10450 | D:8      | Killed a two-headed ogre
 10451 | D:8      | Reached skill level 2 in Shields
 10451 | D:8      | Reached skill level 9 in Conjurations
 10815 | D:8      | Identified the +0 pair of gloves of the Weaver {rC+++}
 10952 | D:8      | Identified the +4 long sword of the Dancing Wasp {elec,
                  | rPois}
 10954 | D:8      | Found a sparkling altar of Nemelex Xobeh.
 11015 | D:9      | Reached skill level 8 in Spellcasting
 11221 | D:9      | Offered knowledge of Stone Arrow by Vehumet.
 11609 | D:9      | Noticed a two-headed ogre
 11638 | D:9      | You pick up a book of Decay and begin reading...
 11638 | D:9      | You add the spells Corpse Rot, Dispel Undead and Death
                  | Channel to your library.
 11643 | D:9      | Learned a level 3 spell: Stone Arrow
 11985 | D:9      | Found a staircase to the Lair.
 12096 | D:9      | Killed a two-headed ogre
 12121 | D:9      | Reached skill level 3 in Fighting
 12121 | D:9      | Reached skill level 10 in Conjurations
 12358 | D:10     | Entered Level 10 of the Dungeon
 12364 | D:10     | Reached **** piety under Vehumet
 12587 | D:10     | Offered knowledge of Mephitic Cloud by Vehumet.
 12598 | D:10     | Learned a level 3 spell: Mephitic Cloud
 12715 | D:10     | Reached skill level 9 in Spellcasting
 12715 | D:10     | Reached XP level 11. HP: 72/82 MP: 16/24
 12847 | D:10     | Noticed a two-headed ogre
 12855 | D:10     | Killed a two-headed ogre
 12950 | D:10     | Found a staircase to the Orcish Mines.
 13095 | Lair:1   | Entered Level 1 of the Lair of Beasts
 13213 | Lair:1   | Reached skill level 3 in Shields
 13308 | Lair:1   | You pick up a book of Misfortune and begin reading...
 13308 | Lair:1   | You add the spells Confusing Touch, Yara's Violent
                  | Unravelling and Enfeeble to your library.
 13315 | Lair:1   | Learned a level 5 spell: Freezing Cloud
 13458 | Lair:1   | Noticed a seven-headed hydra
 13524 | Lair:1   | Killed a seven-headed hydra
 13599 | Lair:1   | Noticed a catoblepas
 13802 | Lair:1   | Noticed an eight-headed hydra
 13818 | Lair:1   | Killed an eight-headed hydra
 13819 | Lair:1   | Reached skill level 6 in Dodging
 13819 | Lair:1   | Reached skill level 11 in Conjurations
 13904 | Lair:1   | You pick up a book of Hexes and begin reading...
 13904 | Lair:1   | You add the spells Inner Flame, Cause Fear and Discord to
                  | your library.
 13942 | Lair:1   | Noticed a six-headed hydra
 13949 | Lair:1   | Killed a six-headed hydra
 13950 | Lair:1   | Reached skill level 4 in Shields
 13967 | Lair:1   | Reached skill level 4 in Fighting
 14087 | Lair:1   | You pick up a book of Iron and begin reading...
 14087 | Lair:1   | You add the spells Blade Hands and Iron Shot to your
                  | library.
 14433 | Lair:1   | Found a runed translucent gate.
 14435 | Lair:1   | Noticed a glowing orange brain
 14436 | Lair:1   | Found a runed translucent gate.
 14436 | Lair:1   | Found a runed translucent gate.
 14438 | Lair:1   | Noticed Dusajagg's ghost (journeyman DrAE)
 14450 | Lair:1   | Found a viscous altar of Jiyva.
 14520 | Lair:2   | You pick up a book of Spectacle and begin reading...
 14532 | Lair:2   | Learned a level 6 spell: Iron Shot
 14630 | Lair:2   | Reached skill level 10 in Spellcasting
 14895 | Lair:2   | Noticed a seven-headed hydra
 14895 | Lair:2   | Noticed a six-headed hydra
 14935 | Lair:2   | HP: 21/84 [six-headed hydra (2)]
 14938 | Lair:2   | Killed a seven-headed hydra
 14939 | Lair:2   | HP: 10/85 [six-headed hydra (11)]
 14941 | Lair:2   | Slain by a six-headed hydra

Vanquished Creatures
  4 hydras
  3 two-headed ogres
  3 cane toads
  Maggie (D:7)
  2 komodo dragons
  2 trolls
  Prince Ribbit (D:7)
  2 wraiths
  2 wyverns
  7 yaks
  A steam dragon (D:5)
  Edmund (D:4)
  3 water moccasins
  A swamp worm (Lair:2)
  Duvessa (D:7)
  2 sky beasts
  3 black bears
  3 orc warriors
  2 ice beasts
  3 ogres
  A centaur (D:10)
  10 wolves (Lair:1)
  A phantom (D:6)
  4 kobold brigands
  4 scorpions
  11 bullfrogs
  2 gnoll sergeants
  A water moccasin zombie (D:7)
  A wyvern skeleton (D:6)
  Dowan (D:7)
  3 killer bees (D:7)
  5 wights (D:8)
  3 howler monkeys
  A bullfrog zombie (D:6)
  6 centaur zombies
  2 gnoll shamans (D:7)
  A centaur skeleton (D:5)
  5 hounds
  2 jellies
  6 orc priests
  A bullfrog skeleton (D:6)
  2 iguanas
  5 orc wizards
  21 gnolls
  A howler monkey skeleton (D:7)
  A river rat (D:4)
  7 adders
  2 shadow imps
  An ufetubus (D:6)
  A worm (D:4)
  2 dart slugs
  36 orcs
  8 endoplasms
  4 giant cockroaches
  4 hobgoblins
  5 quokkas
  9 ball pythons
  15 bats
  5 frilled lizards
  5 goblins
  26 kobolds
  6 rats
284 creatures vanquished.

Vanquished Creatures (others)
  2 plants
2 creatures vanquished.

Grand Total: 286 creatures vanquished

Table legend:
 A = Non-vault XP
 B = Vault XP
 C = Vault XP percentage of total XP
 D = Non-vault monster count
 E = Vault monster count
 F = Vault count percentage of total count
                 A         B        C        D         E       F
            +---------+---------+-------+---------+---------+-------
      Total |   16568 |    4098 |  19.8 |     249 |      35 |  12.3
            +---------+---------+-------+---------+---------+-------
        D:1 |      37 |       0 |   0.0 |      25 |       0 |   0.0
        D:2 |      56 |       0 |   0.0 |      23 |       0 |   0.0
        D:3 |     149 |       0 |   0.0 |      21 |       0 |   0.0
        D:4 |     376 |     205 |  35.3 |      14 |      16 |  53.3
        D:5 |     520 |     377 |  42.0 |      14 |       4 |  22.2
        D:6 |    1262 |       0 |   0.0 |      30 |       0 |   0.0
        D:7 |    1001 |    1061 |  51.5 |      21 |       6 |  22.2
        D:8 |    1703 |     561 |  24.8 |      23 |       5 |  17.9
        D:9 |    2257 |       0 |   0.0 |      33 |       0 |   0.0
       D:10 |    2798 |       0 |   0.0 |      17 |       0 |   0.0
     Lair:1 |    5330 |       0 |   0.0 |      23 |       0 |   0.0
     Lair:2 |    1079 |    1894 |  63.7 |       5 |       4 |  44.4
            +---------+---------+-------+---------+---------+-------

Illustrated notes

Table legend:
 A = Kills in this place as a percentage of kills in entire the game.
 B = Kills by you in this place as a percentage of kills by you in the entire game.
 C = Kills by friends in this place as a percentage of kills by friends in the entire game.
 D = Other kills in this place as a percentage of other kills in the entire game.
 E = Experience gained in this place as a percentage of experience gained in the entire game.
 F = Experience gained in this place divided by the number of levels of this place that you have seen.
                   A       B       C       D       E      F
               +-------+-------+-------+-------+-------+----------------------
         Total | 100.0 | 100.0 |   N/A |   N/A | 100.0 | 1589.7
       Dungeon |  88.7 |  88.7 |   N/A |   N/A |  59.8 | 1236.3
          Lair |  11.3 |  11.3 |   N/A |   N/A |  40.2 | 4151.5
               +-------+-------+-------+-------+-------+----------------------

Table legend: (Time is in decaauts)
 A = Elapsed time spent in this place.
 B = Non-inter-level travel time spent in this place.
 C = Inter-level travel time spent in this place.
 D = Time resting spent in this place.
 E = Time spent auto-exploring this place.
 F = Levels seen in this place.
 G = Mean time per level.
                   A        B        C        D        E       F      G
               +--------+--------+--------+--------+--------+-----+--------+
         Total |  14963 |  14131 |    832 |   4695 |   5744 |  13 | 1151.0 |
       Dungeon |  12976 |  12490 |    486 |   4320 |   5496 |  10 | 1297.6 |
        Temple |    140 |    114 |     26 |      0 |    107 |   1 |  140.0 |
          Lair |   1846 |   1527 |    319 |    375 |    141 |   2 |  923.0 |
               +--------+--------+--------+--------+--------+-----+--------+

Top non-repeatable levels by time:
     D:4: 1980 daAuts
     D:6: 1815 daAuts
     D:7: 1506 daAuts
     D:9: 1418 daAuts
  Lair:1: 1347 daAuts
     D:8: 1323 daAuts
     D:2: 1171 daAuts
     D:5: 1153 daAuts
     D:1: 964 daAuts
     D:3: 947 daAuts
    D:10: 695 daAuts
  Lair:2: 498 daAuts
  Temple: 140 daAuts
